 Dungeon Crawl Stone Soup version 0.21-a0-163-g3aa3f5d (webtiles) character file.

185519 4thArraOfDagon the Sharpshooter (level 18, 0/151 HPs)
             Began as a Formicid Arcane Marksman on Aug 3, 2017.
             Was the Champion of Ru.
             Killed from afar by a merfolk aquamancer (50 damage)
             ... with a torrent of water
             ... on level 4 of the Shoals on Aug 5, 2017.
             The game lasted 02:29:58 (23218 turns).

4thArraOfDagon the Sharpshooter (FoAM)             Turns: 23218, Time: 02:29:59

Health: 0/151      AC: 19    Str: 24    XL:     18   Next: 67%
Magic:  24/24      EV: 19    Int: 17    God:    Ru [******]
Gold:   2027       SH:  0    Dex: 15    Spells: 13/19 levels left

rFire    . . .     SeeInvis +   X - +8 halberd of Royco {drain, MP+9}
rCold    + . .     Gourm    .   (shield unavailable)
rNeg     . . .     Faith    .   x - +4 ring mail of Qiwif {MR+ Regen+ Str+8}
rPois    .         Spirit   .   (helmet unavailable)
rElec    .         Reflect  .   q - +2 cloak {rC+}
rCorr    .         Harm     .   e - +0 pair of fencer's gloves {+Riposte Dex+3}
MR       +....                  (no boots)
Stlth    +.........             g - amulet of regeneration
HPRegen  1.15/turn              (ring unavailable)
MPRegen  0.19/turn              A - +4 ring of protection

@: no scrolls, flying, heavily drained
A: permanent stasis, dig shafts and tunnels, four strong arms, antennae 3, dopey
1, low mp 2, inability to read while threatened, missing a hand, magic
vulnerability 1
}: 1/15 runes: abyssal
a: Dig, Shaft Self, Draw Out Power, Power Leap, Apocalypse, Renounce Religion


You were on level 4 of the Shoals.
You worshipped Ru.
Ru was exalted by your worship.
You were hungry.

You visited 6 branches of the dungeon, and saw 31 of its levels.
You visited the Abyss 1 time.
You also visited: Ice Cave.

You collected 3054 gold pieces.
You spent 1027 gold pieces at shops.

Inventory:

Hand Weapons
 O - a +3 arbalest of velocity
 Q - the +6 arbalest "Damnation" {damnation}
   (You acquired it on level 2 of the Lair of Beasts)
 X - the +8 halberd of Royco (weapon) {drain, MP+9}
   (You found it on level 3 of the Elven Halls)

   A truly terrible weapon, it drains the life of those it strikes.
   It affects your magic capacity (+9).
Missiles
 d - 13 bolts
Armour
 e - the +0 pair of fencer's gloves (worn) {+Riposte Dex+3}
   (You found it in an ice cave)

   It affects your dexterity (+3).
 p - the +1 robe of Ini Noutiyf {rN+ Dex+4 Slay+3}
   (You found it on level 3 of the Lair of Beasts)

   It affects your dexterity (+4).
   It affects your accuracy and damage with ranged weapons and melee attacks
   (+3).
   It protects you from negative energy.
 q - a +2 cloak of cold resistance (worn)
 x - the +4 ring mail of Qiwif (worn) {MR+ Regen+ Str+8}
   (You found it on level 4 of the Shoals)

   It affects your strength (+8).
   It affects your resistance to hostile enchantments.
   It increases your rate of regeneration.
 R - the +0 plate armour of Beauty {Int+3}
   (You found it on level 3 of the Elven Halls)

   It affects your intelligence (+3).
Jewellery
 a - an uncursed ring of protection from fire
 b - an uncursed ring of resist corrosion
 g - an amulet of regeneration (around neck)
 k - the macabre finger necklace {rN+}
   (You took it off a merfolk on level 4 of the Shoals)

   [amulet of nothing]

   It protects you from negative energy.
 o - an uncursed ring of positive energy
 A - a +4 ring of protection (right hand)
 J - an uncursed ring of flight
 W - the amulet "Jeagoeto" {Inacc SInv}
   (You found it on level 3 of the Elven Halls)

   [amulet of inaccuracy]

   It reduces the accuracy of all your attacks.
   It lets you see invisible.
 Y - the amulet "Zyewot" {RegenMP MP+9 Int+3 SInv}
   (You found it on level 3 of the Elven Halls)

   [amulet of magic regeneration]

   It increases your magic regeneration.
   It affects your intelligence (+3).
   It affects your magic capacity (+9).
   It lets you see invisible.
 Z - an uncursed ring of ice
Wands
 c - a wand of enslavement (8/24)
 G - a wand of confusion (28/48)
Scrolls
 i - 4 scrolls of immolation
 s - a scroll of identify
 v - 5 scrolls of enchant armour
 w - a scroll of fog
 y - a scroll of silence
 C - 3 scrolls of magic mapping
 D - 9 scrolls of remove curse
 F - 5 scrolls of recharging
 H - a scroll of summoning
 P - a scroll of noise {unknown}
 S - 3 scrolls of enchant weapon
 U - 2 scrolls of fear
Potions
 h - a potion of magic
 j - a potion of brilliance
 l - a potion of resistance
 m - 3 potions of heal wounds
 r - 4 potions of mutation
 u - 8 potions of lignification
 B - 2 potions of berserk rage
 E - 4 potions of curing
 I - 2 potions of might
 K - a potion of ambrosia
 N - a potion of agility
 T - a potion of cancellation
Miscellaneous
 n - 2 phantom mirrors
 t - a sack of spiders
 M - a lamp of fire
Comestibles
 f - 14 bread rations
 z - 4 meat rations
 V - 2 royal jellies


   Skills:
 - Level 16.0(14.1) Fighting
 * Level 12.2(10.5) Polearms
 - Level 19.1(17.2) Crossbows
 - Level 10.0(8.4) Armour
 - Level 14.2(12.5) Dodging
 - Level 1.1(0.0) Spellcasting
 - Level 3.6(2.2) Hexes


You had 13 spell levels left.
You knew the following spells:

 Your Spells              Type           Power        Failure   Level  Hunger
a - Corona                Hex            #......      14%         1    ##.....
b - Slow                  Hex            #.......     21%         2    ###....
c - Spectral Weapon       Hex/Chrm       #.......     54%         3    ####...


Dungeon Overview and Level Annotations

Branches:
Dungeon (15/15)            Temple (1/1) D:7            Lair (6/6) D:11
 Shoals (4/4) Lair:3        Snake (0/4) Lair:4        Slime (0/5) Lair:5
    Orc (2/2) D:11            Elf (3/3) Orc:2
 Vaults: D:13-14     Depths: D:15

Altars:
Ashenzari
Cheibriados
Dithmenos
Elyvilon
Fedhas
Gozag
Hepliaklqana
Kikubaaqudgha
Makhleb
Nemelex Xobeh
Okawaru
Qazlal
Ru
Sif Muna
Trog
Uskayaw
Vehumet
Wu Jian
Xom
Yredelemnul
Zin
The Shining One

Shops:
D:6 *   D:8 ?   D:12 *   Orc:1 *   Orc:2 :(*[?   Elf:2 (   Elf:3 }   Shoals:1 :

Annotations:
D:12 Harold
D:14 Rupert
Shoals:4 Polyphemus


Innate Abilities, Weirdness & Mutations

You cannot be hasted, slowed, berserked, paralysed or teleported.
You can dig through walls and to a lower floor.
Your four strong arms can wield two-handed weapons with a shield.
You have a pair of large antennae on your head. (SInv)
You are dopey. (Int -2)
Your magical capacity is very low. (-20% MP)
You cannot read scrolls while threatened.
You are missing a hand.
You are slightly vulnerable to magic. (MR-)


Message History

The ball of steam hits you!
The merfolk hits you from afar with a trident.
Unknown command.
You catch the helpless merfolk completely off-guard!
You hit the merfolk but do no damage.
The merfolk is severely wounded.
You are engulfed in a cloud of scalding steam.
The merfolk misses you.
You riposte.
You slash the merfolk! You drain the merfolk!
The merfolk is almost dead.
You redirect the merfolk aquamancer's attack!
The merfolk closely misses you.
Unknown command.
You catch the helpless merfolk completely off-guard!
You impale the merfolk!!
You kill the merfolk!
The merfolk aquamancer shouts!
The merfolk aquamancer casts a spell at you.
The torrent of water hits you!
You die...

#m ≈≈##≈≈≈#≈≈≈≈≈≈ #≈.
≈#≈≈#≈#≈≈≈≈≈≈
...#≈..#≈.≈≈≈#.≈.≈≈≈
...##≈.k≈#≈≈#....≈≈≈
≈...##≈≈m≈≈#.....≈≈≈
#≈≈≈(######.......≈≈
#≈≈≈≈≈≈≈≈).......≈≈
#....§§§.........≈≈
#....@§m........≈≈
#..§§§..........≈≈
#...§.<.........≈≈
#.≈≈m...........≈≈
#.≈≈≈≈..(...≈≈..≈≈
#.≈≈≈≈≈........≈≈PP≈.P
#.≈≈≈≈≈≈≈≈≈≈≈.≈≈P≈≈P≈.P
.≈≈≈≈≈≈≈≈≈≈≈P≈≈≈≈≈≈PPP.
....≈≈≈≈≈≈...P≈≈≈≈≈≈≈≈..


You could see a merfolk aquamancer (blind) and a merfolk.

Vanquished Creatures
  An Ice Fiend (IceCv)
  3 deep elf blademasters (Elf:3)
  2 deep elf master archers (Elf:3)
  A kraken (Shoals:3)
  2 tentacled starspawn (Abyss:3)
  Ilsuiw (Shoals:3)
  6 deep elf sorcerers
  5 deep elf elementalists (Elf:3)
  5 deep elf demonologists
  4 deep elf annihilators (Elf:3)
  6 dire elephants (Lair:6)
  2 ettins
  4 merfolk javelineers
  Snorg (Lair:5)
  5 deep elf death magi
  5 deep elf high priests (Elf:3)
  3 merfolk impalers
  Erolcha (Orc:1)
  4 hydras
  An anaconda (Lair:6)
  An alligator snapping turtle (Shoals:4)
  A centaur warrior (D:12)
  7 dancing weapons
  5 merfolk avatars
  2 satyrs
  A merfolk aquamancer (Shoals:4)
  3 two-headed ogres
  2 death yaks (Lair:6)
  Urug (Orc:1)
  5 orc high priests
  3 deep elf knights
  3 wretched stars (Abyss:3)
  2 unseen horrors
  Pikel (D:7)
  4 deep elf archers
  7 sea snakes
  5 orc knights (Orc:2)
  A necromancer (Lair:3)
  7 harpies
  13 deep elf magi
  12 fauns
  3 cyclopes
  9 manticores
  6 orc sorcerers
  10 merfolk sirens
  3 water nymphs
  An ice statue (IceCv)
  18 elephants
  6 spiny frogs
  A black mamba (Lair:1)
  A gargoyle (D:11)
  Joseph (D:7)
  6 komodo dragons
  2 freezing wraiths (IceCv)
  7 ice devils (IceCv)
  2 golden dragon simulacra (IceCv)
  4 anaconda simulacra (IceCv)
  A meliai (shapeshifter) (D:14)
  19 merfolk
  6 trolls
  A polar bear (Lair:5)
  8 wind drakes
  2 slime creatures (Lair:5)
  2 raiju (Abyss:3)
  10 snapping turtles
  18 dream sheep
  7 blink frogs
  13 hippogriffs
  A small abomination (Elf:1)
  9 starcursed masses (Abyss:3)
  3 dire elephant simulacra (IceCv)
  A spriggan (D:9)
  3 wyverns
  A redback (shapeshifter) (Elf:2)
  2 wraiths (D:15)
  6 water elementals
  3 fire elementals
  20 yaks
  The ghost of Duskembrace the Agent of Entropy, an amateur DsAK of Lugonu (D:4)
  3 vampire mosquitoes (D:14)
  2 harpy simulacra (IceCv)
  2 wargs (Orc:2)
  6 iron troll simulacra (IceCv)
  2 soldier ants
  11 water moccasins
  A hydra simulacrum (IceCv)
  3 porcupines
  2 sky beasts
  2 ice beasts
  3 black bears
  27 orc warriors
  A phantom (D:10)
  A necrophage (D:10)
  8 centaurs
  An elephant zombie (Lair:3)
  8 ogres
  11 crocodiles
  20 wolves
  16 bullfrogs
  5 big kobolds
  A wyvern zombie (D:12)
  2 wyvern skeletons
  A water moccasin skeleton (D:5)
  A scorpion (D:14)
  An elephant simulacrum (IceCv)
  10 killer bees
  2 electric eels
  3 howler monkeys (D:9)
  2 bullfrog zombies
  8 crimson imps
  2 draconian simulacra (IceCv)
  2 quasits
  2 centaur zombies
  A basilisk zombie (Lair:3)
  2 bullfrog skeletons
  3 centaur skeletons
  4 hounds
  4 jellies
  2 gnoll shamans
  17 orc priests
  27 orc wizards
  2 iguanas
  6 hell rats (Lair:5)
  4 troll simulacra (IceCv)
  9 worker ants
  A polar bear simulacrum (IceCv)
  3 spriggan simulacra (IceCv)
  A hound skeleton (D:11)
  2 hound zombies
  A worker ant zombie (D:6)
  A howler monkey skeleton (D:11)
  13 gnolls
  14 adders
  2 naga simulacra (IceCv)
  4 ogre simulacra (IceCv)
  2 shadow imps
  7 white imps (IceCv)
  2 ufetubi (IceCv)
  An adder skeleton (D:7)
  A worm (D:2)
  2 dart slugs
  4 leopard geckos
  72 orcs
  2 ball pythons (D:5)
  18 giant cockroaches
  5 goblins
  6 hobgoblins
  4 jackals (D:1)
  A quokka (D:7)
  4 bats
  3 frilled lizards
  A jackal skeleton (D:7)
  29 kobolds
  A quokka skeleton (D:6)
  4 rats
  A bush (Lair:6)
  2 crawling corpses (Elf:3)
  9 fungi
  5 plants
  A starspawn tentacle (Abyss:3)
847 creatures vanquished.

Vanquished Creatures (others)
  A merfolk impaler (Shoals:2)
  2 harpies (Shoals:3)
  An orc knight (Orc:2)
  A manticore (Shoals:1)
  An elephant (Lair:3)
  A torpor snail (Lair:6)
  A komodo dragon (D:11)
  A polar bear (Lair:6)
  A dream sheep (Lair:6)
  4 yaks
  A basilisk (Lair:2)
  A vampire mosquito (D:14)
  A sky beast (D:12)
  An elephant zombie (Lair:3)
  A bullfrog (Lair:3)
  A bullfrog zombie (D:10)
  A hound (D:7)
  An orc priest (D:10)
  An orc wizard (Orc:2)
  An iron imp (Abyss:3)
  2 troll simulacra (IceCv)
  4 orcs (Orc:2)
  A kobold (D:10)
  25 fungi
  20 plants
  3 starspawn tentacles (Abyss:3)
  6 tentacles (Shoals:3)
85 creatures vanquished.

Grand Total: 932 creatures vanquished

Notes
Turn   | Place    | Note
-------+----------+-------------------------------------------
     0 | D:1      | 4thArraOfDagon the Formicid Arcane Marksman began the quest for the Orb.
     0 | D:1      | Reached XP level 1. HP: 15/15 MP: 2/2
    86 | D:2      | Reached XP level 2. HP: 21/21 MP: 3/3
   359 | D:3      | Reached skill level 3 in Crossbows
   359 | D:3      | Reached XP level 3. HP: 14/26 MP: 4/4
   407 | D:3      | Reached skill level 4 in Crossbows
   407 | D:3      | Reached XP level 4. HP: 24/32 MP: 5/5
   568 | D:4      | Noticed Duskembrace's ghost (amateur DsAK)
   583 | D:3      | You fall through a shaft for 2 floors!
   583 | D:5      | Entered Level 5 of the Dungeon
   694 | D:5      | Learned a level 2 spell: Slow
   836 | D:7      | Found a staircase to the Ecumenical Temple.
   844 | Temple   | Entered the Ecumenical Temple
   897 | Temple   | Became a worshipper of Ru the Awakened
   922 | D:7      | Noticed a bullfrog
   931 | D:7      | Killed a bullfrog
   931 | D:7      | Reached skill level 5 in Crossbows
   931 | D:7      | Reached XP level 5. HP: 21/37 MP: 6/6
   948 | D:7      | Noticed a bullfrog
   959 | D:7      | Killed a bullfrog
   959 | D:7      | Reached XP level 6. HP: 36/43 MP: 7/7
  1015 | D:7      | Reached skill level 6 in Crossbows
  1237 | D:5      | Noticed an ice beast
  1253 | D:5      | Killed an ice beast
  1253 | D:5      | Reached skill level 7 in Crossbows
  1253 | D:5      | Reached XP level 7. HP: 48/48 MP: 8/8
  1270 | D:5      | Got a jewelled short sword
  1281 | D:5      | Identified the cursed +0 short sword "Wogu" {pain, *Slow rF++} (You found it on level 5 of the Dungeon)
  1513 | D:4      | Found a white marble altar of Elyvilon.
  1697 | D:2      | Reached skill level 8 in Crossbows
  1741 | D:2      | Gained mutation: Your magical capacity is low. (-10% MP) [Ru sacrifice]
  1751 | D:2      | Found a glowing silver altar of Zin.
  2425 | D:4      | Found a sparkling altar of Nemelex Xobeh.
  2493 | D:4      | Reached XP level 8. HP: 54/56 MP: 8/8
  2633 | D:5      | Found a glowing golden altar of the Shining One.
  2802 | D:6      | Reached skill level 9 in Crossbows
  2895 | D:6      | Found Xiefamae's General Store.
  2905 | D:6      | Bought a scroll of random uselessness for 13 gold pieces
  2905 | D:6      | Bought a potion of flight for 39 gold pieces
  3056 | D:7      | Noticed Joseph
  3187 | D:8      | Got a faintly glowing plate armour
  3201 | D:8      | Identified the +0 plate armour of Disycao {rCorr Int+5} (You found it on level 8 of the Dungeon)
  3333 | D:8      | Reached skill level 1 in Armour
  3398 | D:8      | Noticed a troll
  3409 | D:8      | Killed a troll
  3409 | D:8      | Reached XP level 9. HP: 42/65 MP: 9/9
  3495 | D:7      | Gained mutation: You are dopey. (Int -2) [Ru sacrifice]
  3495 | D:7      | Reached * piety under Ru
  3519 | D:7      | Reached skill level 10 in Crossbows
  3710 | D:8      | Noticed a hippogriff
  3720 | D:8      | Killed a hippogriff
  3720 | D:8      | Reached skill level 5 in Fighting
  4133 | D:9      | Reached skill level 5 in Armour
  4380 | D:10     | Entered Level 10 of the Dungeon
  4388 | D:10     | Noticed a gargoyle
  4416 | D:10     | Noticed an unseen horror
  4428 | D:9      | Killed an unseen horror
  4428 | D:9      | Reached XP level 10. HP: 72/79 MP: 10/10
  5479 | D:10     | Gained mutation: You are missing a hand. [Ru sacrifice]
  5479 | D:10     | Reached ** piety under Ru
  5479 | D:10     | Reached *** piety under Ru
  5642 | D:10     | Reached skill level 10 in Fighting
  5809 | D:11     | Noticed an eight-headed hydra
  6068 | D:11     | Found a staircase to the Orcish Mines.
  6310 | D:11     | Found a staircase to the Lair.
  6431 | D:12     | Reached XP level 11. HP: 75/91 MP: 11/11
  6499 | D:12     | Noticed Harold
  6651 | D:12     | Noticed a deep elf mage
  6908 | D:10     | You fall through a shaft!
  7107 | D:8      | Noticed a two-headed ogre
  7120 | D:8      | Killed a two-headed ogre
  7174 | D:8      | Found Laduyng's Magic Scroll Shop.
  7177 | D:8      | Bought a scroll of enchant weapon for 105 gold pieces
  7177 | D:8      | Bought a scroll of magic mapping for 49 gold pieces
  7177 | D:8      | Bought a scroll of fear for 49 gold pieces
  7177 | D:8      | Bought a scroll of identify for 28 gold pieces
  7408 | D:5      | Nebukadnezar: amulet ?
  7459 | D:4      | Killed Duskembrace's ghost
  7476 | D:4      | 4thArraOfDagon: got regen
  7488 | D:4      | Nebukadnezar: :)
  7878 | D:7      | Killed Joseph
  7978 | D:7      | Noticed Pikel
  7999 | D:7      | Killed Pikel
  8521 | D:12     | Noticed a two-headed ogre
  8546 | D:12     | Killed a two-headed ogre
  8652 | D:12     | Noticed a centaur warrior
  8670 | D:12     | Killed a centaur warrior
  8722 | D:12     | Gained mutation: You cannot read scrolls while threatened. [Ru sacrifice]
  8722 | D:12     | Reached **** piety under Ru
  8722 | D:12     | Reached ***** piety under Ru
  8935 | D:14     | Noticed a manticore
  9090 | D:14     | Reached skill level 1 in Polearms
  9126 | D:14     | Noticed a cyclops
  9132 | D:14     | Killed a cyclops
  9194 | D:14     | Noticed Rupert
  9228 | D:15     | Entered Level 15 of the Dungeon
  9228 | D:15     | Noticed a seven-headed hydra
  9235 | D:14     | 4thArraOfDagon: how to finish him off
  9254 | D:14     | You fall through a shaft!
  9515 | D:14     | Reached XP level 12. HP: 89/107 MP: 12/12
  9612 | D:13     | Noticed a tengu warrior
  9741 | D:12     | Found Ziydep's Assorted Antiques.
  9831 | D:12     | Bought 3 fuming blue potions for 86 gold pieces
  9831 | D:12     | Bought a scroll labeled XOROOJ VOMARICW for 32 gold pieces
 10140 | D:10     | Noticed an unseen horror
 10151 | D:10     | Killed an unseen horror
 10151 | D:10     | Reached skill level 11 in Crossbows
 10680 | D:12     | Noticed a two-headed ogre
 10875 | Orc:1    | Entered Level 1 of the Orcish Mines
 11023 | Orc:1    | Noticed an orc high priest
 11026 | Orc:1    | Killed an orc high priest
 11145 | Orc:1    | Noticed Erolcha
 11164 | Orc:1    | Killed Erolcha
 11164 | Orc:1    | Reached skill level 12 in Crossbows
 11327 | Orc:2    | Entered Level 2 of the Orcish Mines
 11340 | Orc:2    | Found Ybus's Book Boutique.
 11345 | Orc:2    | Reached skill level 5 in Dodging
 11679 | Orc:1    | Noticed Urug
 11917 | Orc:2    | Found a staircase to the Elven Halls.
 11946 | Orc:2    | Reached XP level 13. HP: 113/113 MP: 13/13
 12008 | Orc:2    | Noticed an ettin
 12138 | Orc:2    | Killed an ettin
 12728 | Orc:2    | Reached skill level 15 in Fighting
 12786 | Orc:2    | Found Huironin's Magic Scroll Shoppe.
 12786 | Orc:2    | Found Taginot's Antique Weapon Shoppe.
 12787 | Orc:2    | Found Lipyc's Antique Armour Boutique.
 12787 | Orc:2    | Found Toysam's Assorted Antiques.
 12829 | Orc:2    | Bought a runed arbalest for 157 gold pieces
 12829 | Orc:2    | Bought a dazzling rapier for 189 gold pieces
 12830 | Orc:2    | Identified the +6 rapier "Thing" {speed, rElec Int+2} (You bought it in a shop on level 2 of the Orcish Mines)
 12840 | Orc:2    | Bought a warped scale mail for 198 gold pieces
 12842 | Orc:2    | Bought a scroll of magic mapping for 52 gold pieces
 12842 | Orc:2    | Bought a scroll of identify for 30 gold pieces
 12842 | Orc:2    | Identified the +1 scale mail "Munanap" {rC+ MR+} (You bought it in a shop on level 2 of the Orcish Mines)
 12870 | Orc:2    | :O
 12987 | D:11     | Killed an eight-headed hydra
 13202 | Lair:1   | Entered Level 1 of the Lair of Beasts
 13327 | Lair:1   | Identified a scroll of acquirement
 14037 | Lair:3   | Reached skill level 13 in Crossbows
 14113 | Lair:4   | Found a staircase to the Snake Pit.
 14385 | Lair:2   | Reached XP level 14. HP: 72/123 MP: 14/14
 14550 | Lair:3   | Got a crude robe
 15013 | Lair:6   | Entered Level 6 of the Lair of Beasts
 15032 | Lair:5   | Nebukadnezar: shield ?
 15037 | Lair:5   | Noticed Snorg
 15046 | Lair:5   | Killed Snorg
 15134 | Lair:5   | 4thArraOfDagon: cant
 15134 | Lair:5   | 4thArraOfDagon: sacrificid hand
 15149 | Lair:5   | Nebukadnezar: uh
 15168 | Lair:5   | Gained mutation: You are slightly vulnerable to magic. (MR-) [Ru sacrifice]
 15447 | Lair:6   | 4thArraOfDagon: i can liv with that!
 15473 | Lair:6   | Identified the +1 robe of Ini Noutiyf {rN+ Dex+4 Slay+3} (You found it on level 3 of the Lair of Beasts)
 15734 | Lair:6   | Noticed a dire elephant
 15783 | Lair:6   | Noticed a dire elephant
 15783 | Lair:6   | Noticed a dire elephant
 15792 | Lair:6   | Noticed a dire elephant
 15797 | Lair:6   | Killed a dire elephant
 15798 | Lair:6   | Killed a dire elephant
 15798 | Lair:6   | Reached skill level 14 in Crossbows
 15803 | Lair:6   | Killed a dire elephant
 15803 | Lair:6   | Reached skill level 10 in Armour
 15858 | Lair:6   | Noticed a dire elephant
 15863 | Lair:6   | Killed a dire elephant
 15867 | Lair:6   | Killed a dire elephant
 16111 | Lair:6   | Reached skill level 10 in Dodging
 16304 | Lair:6   | Reached XP level 15. HP: 93/129 MP: 10/14
 16371 | Lair:6   | Reached skill level 15 in Crossbows
 16540 | Lair:6   | Upgraded the game from 0.21-a0-156-g77413b7 to 0.21-a0-157-gb89e0e2
 16728 | Lair:5   | Found a staircase to the Slime Pits.
 16744 | Lair:5   | Gained mutation: Your magical capacity is very low. (-20% MP) [Ru sacrifice]
 16744 | Lair:5   | Reached ****** piety under Ru
 16909 | Lair:3   | Found a staircase to the Shoals.
 17756 | Orc:1    | Killed Urug
 17775 | Orc:1    | Found Liolunt's General Store.
 17794 | Orc:1    | Reached skill level 16 in Crossbows
 17947 | Elf:1    | Entered Level 1 of the Elven Halls
 18003 | Elf:1    | Noticed a deep elf sorcerer
 18005 | Elf:1    | Killed a deep elf sorcerer
 18034 | Elf:1    | Noticed a deep elf sorcerer
 18036 | Elf:1    | Killed a deep elf sorcerer
 18071 | Elf:1    | Cast into level 3 of the Abyss (a deep elf demonologist)
 18072 | Abyss:3  | Noticed a tentacled starspawn
 18072 | Abyss:3  | Noticed a tentacled starspawn
 18080 | Abyss:3  | Killed a tentacled starspawn
 18086 | Abyss:3  | Killed a tentacled starspawn
 18086 | Abyss:3  | Reached XP level 16. HP: 44/136 MP: 5/14
 18094 | Abyss:3  | Got an abyssal rune of Zot
 18134 | Abyss:3  | Reached skill level 17 in Crossbows
 18145 | Elf:1    | Escaped the Abyss
 18310 | Elf:2    | Found Dyrerylu's Antique Weapon Emporium.
 18363 | Elf:3    | Entered Level 3 of the Elven Halls
 18382 | Elf:3    | Found a frozen archway.
 18391 | IceCv    | Entered an ice cave
 18799 | IceCv    | Upgraded the game from 0.21-a0-157-gb89e0e2 to 0.21-a0-163-g3aa3f5d
 18815 | IceCv    | Thaneod: pomoz mi!!
 18822 | IceCv    | 4thArraOfDagon: labirytny?
 18822 | IceCv    | Thaneod: #taaa
 18822 | IceCv    | 4thArraOfDagon: hjaha
 18822 | IceCv    | 4thArraOfDagon: ok
 18822 | IceCv    | 4thArraOfDagon: czekaj, wyjde ci
 18822 | IceCv    | 4thArraOfDagon: z labirytny
 18822 | IceCv    | Thaneod: ok
 18891 | IceCv    | Noticed an Ice Fiend
 18896 | IceCv    | Killed an Ice Fiend
 19039 | Elf:3    | Thaneod: ostatnio jak mialem dwie runy to mnie tutaj zabiliy 4 wielkie miecze czegos tam
 19045 | Elf:3    | Found Wiarimian's Gadget Emporium.
 19051 | Elf:3    | Thaneod: jakies criticale walnely chyba
 19051 | Elf:3    | 4thArraOfDagon: no, na drugim poziomie?
 19051 | Elf:3    | 4thArraOfDagon: drugiego poziomu sie niexploruje calego
 19161 | Elf:2    | Thaneod: aha
 19164 | Elf:3    | Thaneod: tutaj
 19183 | Elf:3    | Thaneod: za tymi drzwiami
 19290 | Elf:3    | Noticed a deep elf sorcerer
 19313 | Elf:3    | Killed a deep elf sorcerer
 19347 | Elf:3    | 4thArraOfDagon: haha
 19348 | Elf:3    | Reached skill level 18 in Crossbows
 19400 | Elf:3    | Noticed a deep elf blademaster
 19409 | Elf:3    | Killed a deep elf blademaster
 19430 | Elf:3    | Noticed a deep elf sorcerer
 19433 | Elf:3    | Killed a deep elf sorcerer
 19450 | Elf:3    | Noticed a deep elf sorcerer
 19451 | Elf:3    | Killed a deep elf sorcerer
 19451 | Elf:3    | Reached XP level 17. HP: 142/142 MP: 14/14
 19458 | Elf:3    | Noticed a deep elf master archer
 19460 | Elf:3    | Killed a deep elf master archer
 19582 | Elf:3    | Noticed a Tzitzimitl
 19641 | Elf:3    | Noticed a Hell Sentinel
 19642 | Elf:3    | Thaneod: duzo razy umarles glupia smiercia, bo za duzo taba wciskales?
 19652 | Elf:3    | Noticed a deep elf blademaster
 19658 | Elf:3    | Killed a deep elf blademaster
 19658 | Elf:3    | Reached skill level 19 in Crossbows
 19663 | Elf:3    | Noticed a deep elf blademaster
 19668 | Elf:3    | Killed a deep elf blademaster
 19696 | Elf:3    | 4thArraOfDagon: taaa
 19696 | Elf:3    | 4thArraOfDagon: dlatego juz dawno przestalem tabowac :)\
 19696 | Elf:3    | 4thArraOfDagon: i autoexplorowac
 19814 | Elf:3    | Got a transparent zirconium amulet
 19831 | Elf:3    | Identified Sif Muna's Tome of Curses
 19836 | Elf:3    | Learned a level 3 spell: Spectral Weapon
 19844 | Elf:3    | Got an ancient halberd
 19879 | Elf:3    | Identified the +8 halberd of Royco {drain, MP+9} (You found it on level 3 of the Elven Halls)
 19882 | Elf:3    | Got a sparkling amethyst amulet
 19894 | Elf:3    | Got a distressingly furry large shield
 19918 | Elf:3    | Got a steaming plate armour
 19929 | Elf:3    | Identified the +0 plate armour of Beauty {Int+3} (You found it on level 3 of the Elven Halls)
 19990 | Elf:3    | 4thArraOfDagon: mam lipe w bronie
 20019 | Elf:3    | Got a faintly humming ring mail
 20030 | Elf:3    | Identified the cursed +1 ring mail "Kuelalaise" {rPois Str+2} (You found it on level 3 of the Elven Halls)
 20060 | Elf:3    | Got a fine hand axe {chop}
 20061 | Elf:3    | Identified the +11 hand axe of the Grave {chop, +Rage} (You took it off a deep elf high priest on level 3 of the Elven Halls)
 20141 | Elf:3    | Noticed a deep elf master archer
 20149 | Elf:3    | Killed a deep elf master archer
 20200 | Elf:3    | Thaneod: jak lipe?
 20208 | Elf:3    | Thaneod: fajne brandy
 20208 | Elf:3    | 4thArraOfDagon: ale niemam umiejetnoscie
 20208 | Elf:3    | 4thArraOfDagon: niewiem co trenowac
 20226 | Elf:3    | Thaneod: fighting:)
 20551 | Orc:2    | 4thArraOfDagon: no i slaba zrbojka
 20551 | Orc:2    | 4thArraOfDagon: :/
 20562 | Orc:2    | Identified the amulet "Jeagoeto" {Inacc SInv} (You found it on level 3 of the Elven Halls)
 20564 | Orc:2    | Identified the amulet "Zyewot" {RegenMP MP+9 Int+3 SInv} (You found it on level 3 of the Elven Halls)
 20750 | Shoals:1 | Entered Level 1 of the Shoals
 20806 | Shoals:1 | Reached skill level 5 in Polearms
 20809 | Shoals:1 | Found Ycsyuh's Book Shoppe.
 21092 | Shoals:1 | Thaneod: zabiles krakena?
 21121 | Shoals:1 | Thaneod: i chyba jakis nowy mini patch niedawno wyszedl
 21248 | Shoals:1 | 4thArraOfDagon: i co tam dodali?
 21417 | Shoals:2 | Thaneod: nie wiem
 21787 | Shoals:2 | Reached XP level 18. HP: 108/151 MP: 15/15
 21971 | Shoals:2 | Identified the cursed +1 long sword "Spiderslayer" {freeze, rN++ Int+5} (You found it on level 2 of the Shoals)
 22154 | Shoals:4 | Entered Level 4 of the Shoals
 22180 | Shoals:4 | Thaneod: daj #
 22296 | Shoals:4 | Identified the +4 ring mail of Qiwif {MR+ Regen+ Str+8} (You found it on level 4 of the Shoals)
 22341 | Shoals:3 | Noticed Ilsuiw
 22342 | Shoals:3 | 4thArraOfDagon: oo
 22348 | Shoals:3 | Killed Ilsuiw
 22348 | Shoals:3 | Reached skill level 10 in Polearms
 22520 | Shoals:4 | Noticed Polyphemus
 22667 | Shoals:3 | Noticed a kraken
 22667 | Shoals:3 | 4thArraOfDagon: krakkyyyy
 22683 | Shoals:3 | Killed a kraken
 22926 | Shoals:3 | Thaneod: :)
 22942 | Shoals:3 | Thaneod: uzywasz czasem apokalispy?
 22942 | Shoals:3 | 4thArraOfDagon: nooo
 22942 | Shoals:3 | 4thArraOfDagon: w krytycznych sytuacjach
 22943 | Shoals:3 | 4thArraOfDagon: patrz jakie mutacje mam
 22943 | Shoals:3 | Thaneod: nie masz reki:)
 22943 | Shoals:3 | 4thArraOfDagon: niemoge czytac zwojow w sytuacjach
 22943 | Shoals:3 | 4thArraOfDagon: taaa
 22943 | Shoals:3 | 4thArraOfDagon: tylko formicid ma dwie pary
 22943 | Shoals:3 | Thaneod: hardcore:)
 22943 | Shoals:3 | 4thArraOfDagon: takze niemam jednej pary
 22943 | Shoals:3 | 4thArraOfDagon: ale warto :)
 22943 | Shoals:3 | 4thArraOfDagon: apokalipsa rzadzi
 22953 | Shoals:3 | Thaneod: pierwsza mutacja zajebista
 23020 | Shoals:4 | 4thArraOfDagon: patrz
 23020 | Shoals:4 | 4thArraOfDagon: na apo
 23028 | Shoals:4 | 4thArraOfDagon: aaa
 23038 | Shoals:4 | 4thArraOfDagon: ale lip[a
 23039 | Shoals:4 | Thaneod: :)
 23070 | Shoals:3 | 4thArraOfDagon: udalo sie
 23070 | Shoals:3 | 4thArraOfDagon: :)
 23102 | Shoals:3 | Thaneod: sam sobie najwiecej zaszkodziles;)
 23149 | Shoals:4 | Thaneod: vampirism to najlepszy brand broni?
 23168 | Shoals:3 | 4thArraOfDagon: na 3 runy tak :)
 23218 | Shoals:4 | Killed from afar by a merfolk aquamancer

Vault maps used:
D:1:      dpeg_arrival_round_c, minmay_parallelograms
D:2:      zin_academy
D:3:      minmay_roachtagon
D:4:      nicolae_overflow_crystal_walls, lemuel_round_altar
D:5:      old_standard_altar, first_bread
D:6:      serial_shops, shop
D:7:      minmay_temple_entry_trees, uniq_pikel, uniq_joseph
D:8:      serial_shops, kennysheep_mini_moat
D:9:      the_bakery, minmay_misc_feat_doors
D:10:     minmay_misc_feat_plants
D:11:     david_lair_shrubbed, orc_0_dummy
D:12:     serial_shops, shop, uniq_fannar, uniq_harold
D:13:     minmay_guarded_unrand_guard, serial_shops, shop, uniq_frances
D:14:     david_vaults_2, uniq_rupert
D:15:     hangedman_depths_entry_civil_slaughter, serial_bayou_pond_e,
          water_maze_lemuel
Temple:   hc_temple_tempest_star
Lair:1:   grunt_megastairs_1, serial_bayou_shore_a
Lair:2:   uniq_erica
Lair:3:   pond_and_an_island_with_a_cottage, shoals_dummy_entry
Lair:4:   dummy_snake_entry
Lair:5:   minmay_slime_entry_pillars, minmay_holes, uniq_snorg
Lair:6:   due_jungle_book, infiniplex_staircase_pool
Shoals:1: serial_shops, nicolae_shop_trees
Shoals:3: uniq_ilsuiw
Shoals:4: shoals_end_hangedman, shoals_ilsuiw_ice, serial_shops, shop,
          uniq_polyphemus
Orc:1:    serial_shops, shop, minmay_orc_keep, uniq_urug, uniq_erolcha
Orc:2:    st_orc_elflike, serial_shops, shop
Elf:1:    elf_arrival_001, hangedman_elf_represent, st_stairs_13
Elf:2:    serial_shops, nicolae_shop_statue_plus, due_unseen_surprise
Elf:3:    minmay_elf_hall_quartered_circle, serial_shops, nicolae_shop_crystal,
          portal_ice_cave_entry_pillars_four
Abyss:3:  nicolae_abyss_rune_star_stuff
IceCv:    ice_cave_caverns_01

Skill      XL: |  1  2  3  4  5  6  7  8  9 10 11 12 13 14 15 16 17 18 |
---------------+-------------------------------------------------------+-----
Crossbows      | 3 4 5 7 8 9 10 12 13 14 16 18 19 | 19.1
Fighting       | 4 7 11 14 15 16 | 16.0
Armour         | 2 6 7 8 10 | 10.0
Polearms       | 2 8 12 | 12.2
Dodging        | 2 5 8 10 12 14 | 14.2
Spellcasting   | |  1.1
Hexes          | |  3.6

Action                   |  1- 3 |  4- 6 |  7- 9 | 10-12 | 13-15 | 16-18 || total
-------------------------+-------+-------+-------+-------+-------+-------++-------
Melee: Flail             |       |    12 |       |    47 |       |       ||    59
       Mace              |       |    48 |   418 |   759 |       |       ||  1225
       Scimitar          |       |       |       |    41 |       |       ||    41
       Glaive            |       |       |       |    25 |       |       ||    25
       Whip              |       |       |       |    14 |       |       ||    14
       Dire flail        |       |       |       |   147 |   306 |       ||   453
       Morningstar       |       |       |       |       |     3 |       ||     3
       Rapier            |       |       |       |       |   686 |    88 ||   774
       Halberd           |       |       |       |       |       |   434 ||   434
       Hand axe          |       |       |       |       |       |     4 ||     4
 Fire: Hand crossbow     |    48 |    47 |   174 |   392 |    83 |       ||   744
       Blowgun           |       |       |       |    12 |       |       ||    12
       Arbalest          |       |       |       |       |   198 |   235 ||   433
Throw: Javelin           |       |       |       |     2 |     5 |       ||     7
       Throwing net      |       |       |       |       |       |     1 ||     1
Invok: Sacrifice Essence |       |       |     1 |       |     2 |       ||     3
       Sacrifice Purity  |       |       |     1 |       |       |       ||     1
       Draw Out Power    |       |       |       |     5 |     4 |     1 ||    10
       Sacrifice a Hand  |       |       |       |     1 |       |       ||     1
       Apocalypse        |       |       |       |     5 |    14 |    12 ||    31
       Sacrifice Words   |       |       |       |     1 |       |       ||     1
       Reject Sacrifices |       |       |       |     1 |       |       ||     1
       Power Leap        |       |       |       |       |     1 |       ||     1
 Abil: Dig               |     1 |     1 |    33 |   122 |    47 |    22 ||   226
       Shaft Self        |       |     1 |       |     3 |       |       ||     4
Evoke: Wand              |       |       |    13 |    22 |     4 |       ||    39
       Phantom mirror    |       |       |       |       |       |     1 ||     1
  Use: Scroll            |       |     5 |     3 |     6 |    15 |    15 ||    44
       Potion            |       |       |       |     4 |     1 |    13 ||    18
 Stab: Invisible         |       |       |       |     7 |    15 |     4 ||    26
       Paralysed         |       |       |       |     7 |    23 |    11 ||    41
       Distracted        |       |       |       |     1 |     4 |     4 ||     9
  Eat: Chunk             |       |     2 |     6 |    11 |    16 |     4 ||    39
       Fruit             |       |       |     9 |       |       |     2 ||    11
       Royal jelly       |       |       |     1 |     5 |     1 |     5 ||    12
       Meat ration       |       |       |       |     4 |     1 |     1 ||     6
       Bread ration      |       |       |       |     3 |     2 |       ||     5
Armor: Ring mail         |    11 |    42 |    87 |       |       |    37 ||   177
       Plate armour      |       |       |   227 |   834 |       |       ||  1061
       Scale mail        |       |       |       |   156 |       |    29 ||   185
       Troll leather arm |       |       |       |       |   100 |    99 ||   199
       Robe              |       |       |       |       |    25 |     1 ||    26
       Skin              |       |       |       |       |       |     3 ||     3
Dodge: Dodged            |    12 |    75 |   276 |   565 |   715 |   496 ||  2139
       Rpst.: Scimitar   |       |       |       |     5 |       |       ||     5
       Arbalest          |       |       |       |       |       |    15 ||    15
       Halberd           |       |       |       |       |       |    56 ||    56
       Hand axe          |       |       |       |       |       |     2 ||     2
